 Dungeon Crawl Stone Soup version 0.15.1-4-gac8487e (webtiles) character file.

12012 Johnny the Chiller (level 11, -11/88 (89) HPs)
             Began as a Demigod Ice Elementalist on Oct 15, 2014.
             Killed from afar by a frost giant (40 damage)
             ... with a bolt of cold
             ... in an ice cave.
             The game lasted 00:52:58 (16187 turns).

Johnny the Chiller (Demigod Ice Elementalist)      Turns: 16187, Time: 00:52:59

HP -11/88 (89)   AC 12     Str 14      XL: 11   Next: 31%
MP  15/36        EV 20     Int 27      God:
Gold 510         SH  0     Dex 23      Spells:  5 memorised,  5 levels left

rFire  . . .     SeeInvis .     L - +1 hand axe (elec)
rCold  . . .     Clarity  .     w - +3 leather armour {MR+}
rNeg   . . .     rCorr    .     (no shield)
rPois  .         rRot     .     s - +2 helmet
rElec  .         Spirit   .     y - +1 cloak
SustAb .         Warding  .     g - +0 pair of gloves
rMut   .         Stasis   .     (no boots)
Gourm  .                        (no amulet)
MR     ++...                    q - ring of magical power
                                u - ring of wizardry

@: brilliant, agile, about to teleport, very slightly contaminated, very
resistant to hostile enchantments, stealthy
A: no striking features
a: no special abilities


You were in an ice cave.
You were not hungry.

You visited 2 branches of the dungeon, and saw 11 of its levels.
You also visited: Ice Cave.

You collected 574 gold pieces.
You spent 64 gold pieces at shops.

Inventory:

Hand weapons
 L - a +1 hand axe of electrocution (weapon)
Armour
 g - a +0 pair of gloves (worn)
 s - a +2 helmet (worn)
 w - a +3 leather armour of magic resistance (worn)
 y - a +1 cloak (worn)
 K - the +4 scale mail of the Armadillo {rN+ Str+2}
   (You found it on level 5 of the Dungeon)

   It affects your strength (+2).
   It protects you from negative energy.
Magical devices
 o - a wand of paralysis (0)
 z - a wand of confusion (0)
 C - a wand of enslavement (0)
 E - a wand of teleportation (5)
 J - a wand of cold (0)
 Q - a wand of disintegration (0)
 V - a wand of digging (8)
 W - a wand of teleportation (2)
 X - a wand of lightning (0)
Comestibles
 G - a meat ration
Scrolls
 a - a scroll of silence
 c - 2 scrolls of recharging
 f - 4 scrolls of fog
 i - a scroll of noise
 j - a scroll of magic mapping
 r - 3 scrolls of enchant armour
 I - 2 scrolls of enchant weapon
 N - 4 scrolls of remove curse
 S - a scroll of torment {unknown}
 Y - a scroll of amnesia {unknown}
Jewellery
 q - a ring of magical power (right hand)
 u - a ring of wizardry (left hand)
Potions
 e - 4 potions of restore abilities
 l - 5 potions of curing
 m - a potion of brilliance
 n - a potion of cancellation {unknown}
 p - a potion of degeneration {unknown}
 x - a potion of mutation {unknown}
 A - a potion of invisibility {unknown}
 B - a potion of agility
 F - a potion of haste {unknown}
 H - a potion of beneficial mutation {unknown}
 M - a potion of berserk rage {unknown}
 O - a potion of might {unknown}
 P - 2 potions of lignification {unknown}
 R - a potion of porridge
Books
 b - a book of Frost

   Spells                             Type                      Level
   *Freeze                            Ice                          1
   Throw Frost                        Conjuration/Ice              2
   Ozocubu's Armour                   Charms/Ice                   3
   *Throw Icicle                      Conjuration/Ice              4
   *Summon Ice Beast                  Ice/Summoning                4
   Condensation Shield                Ice                          4
 v - a book of Battle

   Spells                             Type                      Level
   Infusion                           Charms                       1
   Shroud of Golubria                 Charms/Translocation         2
   Song of Slaying                    Charms                       2
   Spectral Weapon                    Hexes/Charms                 3
   *Regeneration                      Charms/Necromancy            3
 D - a book of Alchemy

   Spells                             Type                      Level
   Sublimation of Blood               Necromancy                   2
   *Alistair's Intoxication           Transmutation/Poison         4
   Condensation Shield                Ice                          4
   Petrify                            Transmutation/Earth          4
   Ignite Poison                      Fire/Transmutation           5
Miscellaneous
 h - a phial of floods (inert)


   Skills:
 * Level 5.8 Fighting
 + Level 3.3 Armour
 + Level 4.1 Dodging
 + Level 5.0 Stealth
 * Level 5.7 Spellcasting
 * Level 5.1 Conjurations
 * Level 5.4 Charms
 * Level 5.3 Summonings
 * Level 3.7 Necromancy
 * Level 3.4 Transmutations
 * Level 6.8 Ice Magic
 * Level 4.4 Evocations


You had 5 spell levels left.
You knew the following spells:

 Your Spells              Type           Power        Failure   Level  Hunger
a - Freeze                Ice            ####         1%          1    None
b - Summon Ice Beast      Ice/Summ       ######..     1%          4    ###....
c - Regeneration          Chrm/Necr      #####.....   1%          3    #......
d - Throw Icicle          Conj/Ice       ######..     1%          4    ###....
e - Alistair's Intoxicat  Trmt/Pois      ####....     4%          4    ###....


Dungeon Overview and Level Annotations

Branches:
Dungeon (10/15)            Temple (0/1) D:6             Orc (0/4) D:9
   Lair (1/8) D:10

Shops:
D:5 (   D:10 *

Annotations:
IceCv Johnny's ghost, powerful DgIE


Message History

The bolt of cold misses your ice beast. The bolt of cold misses you.
Unknown command.
Unknown command.
Read which item? (? for menu, Esc to quit)
Okay, then.
Your ice beast hits the frost giant but does no damage.
The frost giant closely misses your ice beast.
Evoke which item? (* to show all) (? for menu, Esc to quit)
Zapping:
W - a wand of teleportation
Press: ? - help, Shift-Dir - straight line, f - you, p - frost giant You feel strangely unstable.
Your ice beast hits the frost giant but does no damage.
Unknown command.
Your ice beast hits the frost giant.
Your ice beast freezes the frost giant.
The frost giant resists.
The frost giant points at you and mumbles some strange words.
The bolt of cold hits your ice beast.
Your ice beast completely resists.
The bolt of cold hits you!
You die...

## #######. ##.##...#
##.#...### #..#..####
#######..#####..
###....###..## ###
###...##.####..##
#..@###.#.####..###
##.....#...# ###..##
###.#######..### ##...
#.Y#########.%.## #..#
##C..##..)...%..####..
#..###...%...#..####.
###YY##.)...##...# ##
##.Y#########..### #
#..### ##..#


You could see a frost giant and a friendly ice beast.

Vanquished Creatures
  2 death yaks (IceCv)
  An unseen horror (D:10)
  An ice statue (IceCv)
  A troll (D:10)
  10 polar bears (IceCv)
  2 deep elf magi
  7 yaks (IceCv)
  A hill giant skeleton (D:8)
  7 wolves (IceCv)
  5 ice beasts
  A black bear (D:7)
  2 sky beasts
  Purgy (D:2)
  4 centaurs (D:7)
  2 orc warriors (D:10)
  4 ogres
  3 giant frogs
  4 killer bees
  2 eyes of draining
  3 scorpions
  A hippogriff skeleton (D:7)
  3 crimson imps
  5 hounds
  6 orc priests
  8 orc wizards
  9 worker ants
  5 iguanas
  An ogre skeleton (D:4)
  9 adders
  3 gnolls (D:4)
  2 inept item mimics
  3 worms
  A giant mite (D:7)
  An adder zombie (D:8)
  10 giant geckos
  2 oozes
  26 orcs
  7 giant cockroaches
  11 goblins
  16 hobgoblins
  6 jackals
  5 quokkas
  15 bats
  8 giant newts
  A goblin skeleton (D:4)
  A goblin zombie (D:5)
  A hobgoblin skeleton (D:5)
  17 kobolds
  2 quokka skeletons
  12 rats
  2 rat skeletons
262 creatures vanquished.

Vanquished Creatures (collateral kills)
  Pikel (D:8)
  3 polar bears (IceCv)
  4 yaks (IceCv)
  A hill giant zombie (D:9)
  A hippogriff (D:8)
  Edmund (D:5)
  Menkaure (D:5)
  An orc warrior (D:9)
  5 wolves (IceCv)
  A centaur (D:5)
  3 ice beasts (IceCv)
  A water moccasin (D:9)
  4 ogres
  A phantom (D:5)
  Duvessa (D:4)
  A crocodile (Lair:1)
  3 giant frogs
  A scorpion (D:6)
  6 killer bees
  3 goliath beetles
  Dowan (D:4)
  A crimson imp (D:7)
  3 orc priests
  A quasit (D:7)
  2 jellies
  2 iguanas
  4 orc wizards
  4 worker ants
  2 adders
  An orc zombie (D:7)
  A shadow imp (D:5)
  A worm (D:4)
  17 orcs
  3 goblins
  2 hobgoblins
  A jackal (D:7)
  A quokka (D:5)
  2 kobolds
  A rat (D:5)
  A rat skeleton (D:7)
94 creatures vanquished.

Vanquished Creatures (others)
  An eldritch tentacle (D:3)
  A water elemental (IceCv)
  4 polar bears (IceCv)
  3 yaks (IceCv)
  4 slaves (D:8)
  A crocodile (D:8)
  57 ice beasts
  A hound (D:8)
  An orc wizard (D:4)
  An orc zombie (D:8)
  A giant gecko (D:8)
  A hobgoblin (D:8)
  A quokka (D:8)
  A kobold (D:8)
  A rat (D:8)
  A rat skeleton (D:4)
  87 eldritch tentacle segments (D:3)
167 creatures vanquished.

Grand Total: 523 creatures vanquished

Notes
Turn   | Place    | Note
--------------------------------------------------------------
     0 | D:1      | Johnny, the Demigod Ice Elementalist, began the quest for the Orb.
     0 | D:1      | Reached XP level 1. HP: 14/14 MP: 3/3
   575 | D:1      | Reached XP level 2. HP: 8/22 MP: 1/4
  1142 | D:2      | Reached skill level 1 in Fighting
  1364 | D:2      | Found a deep blue altar of Sif Muna.
  1588 | D:2      | Reached XP level 3. HP: 14/28 MP: 0/8
  2134 | D:3      | Reached skill level 3 in Ice Magic
  2416 | D:3      | Noticed Purgy
  2502 | D:2      | Reached XP level 4. HP: 31/36 MP: 10/10
  2535 | D:2      | Learned a level 4 spell: Summon Ice Beast
  2802 | D:3      | Learned a level 3 spell: Regeneration
  2828 | D:3      | Noticed an eldritch tentacle
  2861 | D:3      | Killed an eldritch tentacle
  3044 | D:2      | Killed Purgy
  3044 | D:2      | Reached skill level 1 in Summonings
  3044 | D:2      | Reached XP level 5. HP: 30/40 MP: 1/12
  3229 | D:3      | Reached skill level 1 in Charms
  3666 | D:4      | Found a white marble altar of Elyvilon.
  3822 | D:4      | Reached skill level 1 in Armour
  4097 | D:4      | Found a stormy altar of Qazlal.
  4115 | D:4      | Noticed a water elemental
  4116 | D:4      | Noticed a fire elemental
  4116 | D:4      | Noticed an air elemental
  4238 | D:4      | Reached XP level 6. HP: 9/49 MP: 15/15
  4806 | D:4      | Noticed Duvessa
  4809 | D:4      | Noticed Dowan
  4818 | D:4      | Killed Duvessa
  4828 | D:4      | Killed Dowan
  5354 | D:5      | Entered Level 5 of the Dungeon
  5576 | D:5      | Reached XP level 7. HP: 52/55 MP: 18/18
  5624 | D:5      | Noticed Menkaure
  5643 | D:5      | Killed Menkaure
  5901 | D:5      | Reached skill level 4 in Ice Magic
  5907 | D:5      | Learned a level 4 spell: Throw Icicle
  5917 | D:5      | Noticed Edmund
  5934 | D:5      | Killed Edmund
  6036 | D:5      | Reached skill level 1 in Conjurations
  6147 | D:5      | Got a jewelled scale mail
  6158 | D:5      | Identified the +4 scale mail of the Armadillo {rN+ Str+2} (You found it on level 5 of the Dungeon)
  6224 | D:5      | Found Trywn's Antique Weapon Boutique.
  6740 | D:6      | Found a staircase to the Ecumenical Temple.
  6785 | D:6      | Reached XP level 8. HP: 42/62 MP: 20/20
  7245 | D:6      | Reached skill level 1 in Evocations
  8185 | D:7      | Found a stormy altar of Qazlal.
  8189 | D:7      | Found a shattered altar of Ashenzari.
  8784 | D:7      | Reached skill level 5 in Ice Magic
  9126 | D:7      | Reached XP level 9. HP: 67/70 MP: 19/23
  9457 | D:7      | Learned a level 4 spell: Alistair's Intoxication
  9660 | D:8      | Reached skill level 1 in Transmutations
  9686 | D:8      | Noticed Pikel
  9695 | D:8      | Killed Pikel
  9707 | D:8      | Reached skill level 1 in Necromancy
  9812 | D:8      | Found a shimmering altar of Xom.
  9814 | D:8      | Found a shimmering altar of Xom.
  9814 | D:8      | Found a shimmering altar of Xom.
  9814 | D:8      | Found a shimmering altar of Xom.
  9815 | D:8      | Found a shimmering altar of Xom.
 10369 | D:9      | Found a staircase to the Orcish Mines.
 11375 | D:10     | Entered Level 10 of the Dungeon
 11375 | D:10     | Found Shriad's Assorted Antiques.
 11412 | D:10     | Bought a scroll of identify for 64 gold pieces
 11600 | D:10     | Found a staircase to the Lair.
 11724 | D:10     | Reached skill level 5 in Fighting
 12042 | D:10     | Reached XP level 10. HP: 61/80 MP: 11/25
 12413 | D:10     | Killed an unseen horror
 12413 | D:10     | Reached skill level 5 in Spellcasting
 13047 | Lair:1   | Entered Level 1 of the Lair of Beasts
 13067 | Lair:1   | Found a frozen archway.
 13091 | IceCv    | Entered an ice cave
 13111 | IceCv    | Reached skill level 6 in Ice Magic
 13293 | IceCv    | Noticed an ice statue
 13557 | IceCv    | Killed an ice statue
 13960 | IceCv    | Noticed a death yak
 13978 | IceCv    | Reached skill level 5 in Charms
 13986 | IceCv    | Killed a death yak
 14510 | IceCv    | Reached skill level 5 in Summonings
 14510 | IceCv    | Reached XP level 11. HP: 25/87 MP: 2/27
 15177 | IceCv    | Reached skill level 5 in Conjurations
 15324 | IceCv    | Noticed Johnny's ghost (powerful DgIE)
 15420 | IceCv    | Noticed a frost giant
 15420 | IceCv    | Noticed a death yak
 15582 | IceCv    | Killed a death yak
 15582 | IceCv    | Reached skill level 5 in Stealth
 16187 | IceCv    | Killed from afar by a frost giant

Action                   |  1- 3 |  4- 6 |  7- 9 | 10-12 || total
-------------------------+-------+-------+-------+-------++-------
Melee: Dagger            |    37 |       |       |       ||    37
       Hand axe          |    70 |   158 |   348 |   172 ||   748
       Falchion          |       |       |    38 |       ||    38
 Cast: Freeze            |    33 |    80 |    94 |    17 ||   224
       Regeneration      |       |     3 |       |       ||     3
       Summon Ice Beast  |       |    11 |    78 |    57 ||   146
       Throw Icicle      |       |       |    31 |    89 ||   120
Evoke: Wand              |       |       |    11 |    42 ||    53
       Phial of floods   |       |       |       |     1 ||     1
  Use: Potion            |       |     3 |     2 |     7 ||    12
       Scroll            |       |     5 |    11 |     6 ||    22
 Stab: Sleeping          |     2 |     1 |     8 |     1 ||    12
       Distracted        |       |       |     1 |     2 ||     3
       Paralysed         |       |       |    12 |     4 ||    16
  Eat: Chunk             |     4 |     9 |    26 |    18 ||    57
       Beef jerky        |     1 |       |     3 |     1 ||     5
       Bread ration      |       |     1 |     1 |     2 ||     4
       Royal jelly       |       |       |     1 |       ||     1
       Pizza             |       |       |     1 |       ||     1
       Meat ration       |       |       |       |     2 ||     2
